 Dungeon Crawl Stone Soup version 0.28.0-53-g5a82cb258f (webtiles) character file.

Game seed: 8609884551312932713

3705 Faeu the Severer (level 9, 0/81 HPs)
             Began as a Minotaur Berserker on May 25, 2022.
             Was a Priest of Trog.
             Slain by an unseen horror (8 damage)
             ... on level 7 of the Dungeon.
             The game lasted 00:12:07 (7355 turns).

Faeu the Severer (Minotaur Berserker)               Turns: 7355, Time: 00:12:08

Health: 0/81       AC:  9    Str: 27    XL:     9   Next: 91%
Magic:  8/8        EV:  9    Int:  4    God:    Trog [***...]
Gold:   305        SH:  0    Dex:  9    Spells: 8/8 levels left

rFire   . . .      SeeInvis .   y - +2 war axe (flame) {axe}
rCold   . . .      Faith    .   (no shield)
rNeg    . . .      Spirit   .   u - +0 chain mail
rPois   .          Reflect  .   (helmet restricted)
rElec   .          Harm     .   v - +0 cloak
rCorr   .          Rampage  .   (no gloves)
Will    .....                   (no boots)
Stlth   ..........              (no amulet)
HPRegen 0.23/turn               (no ring)
MPRegen 0.11/turn               (no ring)

@: mighty, hasted, very quick
A: horns 2, retaliatory headbutt
a: Renounce Religion, Berserk, Trog's Hand


You were on level 7 of the Dungeon.
You worshipped Trog.
Trog was most pleased with you.
You visited 1 branch of the dungeon, and saw 7 of its levels.

You collected 305 gold pieces.


Innate Abilities, Weirdness & Mutations

You have a pair of horns on your head.
You reflexively headbutt those who attack you in melee.


   Skills:
 - Level 8.1 Fighting
 + Level 15.4 Axes
 - Level 2.4 Armour
 - Level 2.1 Dodging


You had 8 spell levels left.
You didn't know any spells.
Your spell library contained the following spells:

 Spells                   Type           Power      Damage    Failure   Level
 Animate Skeleton         Necr           0%         N/A       98%         1
 Apportation              Tloc           0%         N/A       98%         1
 Summon Small Mammal      Summ           0%         N/A       98%         1
 Blink                    Tloc           0%         N/A       99%         2
 Ensorcelled Hibernation  Hex/Ice        0%         N/A       99%         2
 Ignite Poison            Fire/Tmut/Pois 0%         N/A       100%        3
 Mephitic Cloud           Conj/Pois/Air  0%         N/A       100%        3
 Spider Form              Tmut/Pois      0%         N/A       100%        3
 Anguish                  Hex/Necr       0%         N/A       100%        4
 Freezing Cloud           Conj/Ice/Air   0%         6-21      100%        5
 Manifold Assault         Tloc           0%         N/A       100%        5
 Storm Form               Tmut/Air       0%         N/A       100%        7

Inventory:

Hand Weapons
 a - a +0 hand axe {axe}
 q - a +0 whip of flaming {mace}
   (You took it off Pikel on level 4 of the Dungeon)
 y - a +2 war axe of flaming (weapon) {axe}
   (You took it off Blork the orc on level 6 of the Dungeon)
 A - a +5 battleaxe {axe}
   (You took it off a wight on level 7 of the Dungeon)
Missiles
 z - 3 poisoned darts (quivered) {throwing}
Armour
 b - a +0 animal skin
 p - a +0 ring mail
   (You took it off a goblin on level 3 of the Dungeon)
 u - a +0 chain mail (worn)
   (You found it on level 5 of the Dungeon)
 v - a +0 cloak (worn)
   (You found it on level 5 of the Dungeon)
Scrolls
 c - a scroll of amnesia {unknown}
 d - 2 scrolls of immolation {!r!r}
 e - 3 scrolls of teleportation {unknown}
 g - 6 scrolls of identify {unknown}
 m - a scroll of fog {unknown}
 r - a scroll of blinking {unknown}
 s - 2 scrolls of fear {unknown}
 t - a scroll of silence {unknown}
 w - a scroll of noise {unknown}
 x - a scroll of enchant armour {unknown}
Potions
 h - a potion of might
 j - a potion of degeneration {unknown}
 k - 3 potions of lignification {!q}
 l - 4 potions of attraction {!q}
 n - a potion of flight {unknown}
 o - a potion of mutation {unknown}

Dungeon Overview and Level Annotations

Branches:
Dungeon (7/15)             Temple (0/1) D:5

Altars:
Elyvilon
Nemelex Xobeh
Okawaru
Ru

Shops:
D:3 [?((*   D:6 [

Annotations:
D:3 1 runed translucent door, Crazy Yiuf
D:6 3 runed translucent doors, Cykl0x's ghost, novice GrEE; Peloso's ghost, amateur MiFi; Sheol's ghost, novice HOFi

.............##)#.# #.
#.#..........##)###.. ##
#..........##)##.. #
#.....##......#... #
#.............#..
..............##.#
#..............#..
...z)########'##)# ##z..
#.##@# #.##.# #⌠y ..
#.##.## O. #.# #.##..# ≈≈
#..#. ...####.###.##
##.##$.##. #........#..##
.$...##.. #........##..##
.8$##..#
#.........#...#####.##...#
##...#....#.)......n....#


There were no monsters in sight!


Message History

Trog accepts your kill.
The bullfrog snags a nearby baby bat with its tongue.
The bullfrog hits you but does no damage.
You barely miss the bullfrog.
The bullfrog hits you but does no damage. 😱 HP[+1]
You slash the bullfrog! You burn the bullfrog.
The bullfrog hits you but does no damage.
The bullfrog hits you.
* * * LOW HITPOINT WARNING * * *
😱 HP[-4]
You take 4 damage, and now have 17/121 hp.
You slice the bullfrog!! You burn the bullfrog.
You kill the bullfrog!
Trog accepts your kill. 😱 HP[+1] 😱 HP[+1] 😱 HP[+1]
You feel yourself speed up. 😱 HP[+1] 😱 HP[+1]
You start resting.
Something is attracted toward you.
You feel less attractive to monsters. Something hits you but does no damage.
Deactivating autopickup; reactivate with Ctrl-A. 😱 HP[+1]
Something hits you but does no damage. x2
You are too injured to fight recklessly!
You start resting.
Something hits you but does no damage.
Something completely misses you. 😱 HP[+1]
You start resting.
Something hits you.
* * * LOW HITPOINT WARNING * * *
😱 HP[-2]
You take 2 damage, and now have 22/121 hp.
Something hits you but does no damage.
You cannot move.
You cannot move.
You cannot move.
You cannot move.
You start resting.
Your transformation is almost over.
You recover from your berserk rage.
Something hits you but does no damage. Something hits you.
* * * LOW HITPOINT WARNING * * *
😱 HP[-3]
You take 3 damage, and now have 19/121 hp.
You cannot move.
You cannot move.
You cannot move.
You cannot move.
Something hits you but does no damage. Something hits you!
* * * LOW HITPOINT WARNING * * *
😱 HP[-7]
You take 7 damage, and now have 12/121 hp.
Something hits you but does no damage. x2
You cannot move.
You cannot move.
You cannot move.
You cannot move.
You cannot move.
Something hits you.
* * * LOW HITPOINT WARNING * * *
😱 HP[-3]
You take 3 damage, and now have 9/121 hp.
It was a potion of haste.
You feel yourself speed up.
Something hits you but does no damage. 😱 HP[+1]
You cannot move.
It was a potion of curing.
You feel better.
Something hits you but does no damage. 😱 HP[+9]
You regained 9 hp, and now have 19/121 hp.
You cannot move.
You cannot move.
You cannot move.
You cannot move.
You cannot move.
You cannot move.
You closely miss something. Something hits you but does no damage.
You closely miss something. Something hits you but does no damage.
You swing at nothing.
Something hits you but does no damage. 😱 HP[+1]
You swing at nothing.
You closely miss something. Something hits you but does no damage.
You swing at nothing.
You closely miss something.
You feel less wooden.
Your +0 cloak unmelds from your body.
Your +0 chain mail unmelds from your body.
Something hits you.
* * * LOW HITPOINT WARNING * * *
Something hits you.
* * * LOW HITPOINT WARNING * * *
😱 HP[-13]
You now have 81 max hp (-40).
You miss something. You closely miss something. Your headbutt misses something.
Something hits you!
You die...

Skill      XL: |  1  2  3  4  5  6  7  8  9 |
---------------+----------------------------+-----
Fighting       | 4 5 7 8 |  8.1
Axes           | 4 5 7 9 12 15 | 15.4
Armour         | |  2.4
Dodging        | |  2.1

Action                   |  1- 3 |  4- 6 |  7- 9 || total
-------------------------+-------+-------+-------++-------
Melee: Hand axe          |    98 |    46 |       ||   144
       Headbutt          |     5 |     5 |    33 ||    43
       Punch             |       |     1 |     3 ||     4
       Whip              |       |       |   166 ||   166
       War axe           |       |       |    58 ||    58
Invok: Berserk           |       |     3 |    10 ||    13
  Use: Potion            |       |       |     5 ||     5
 Stab: Sleeping          |     2 |       |       ||     2
Armor: Animal skin       |    31 |     1 |       ||    32
       Ring mail         |       |     3 |    18 ||    21
       Chain mail        |       |       |    61 ||    61
       Skin              |       |       |    31 ||    31
Dodge: Dodged            |    80 |    26 |    85 ||   191

Levels and vault maps discovered:
D:1:      minmay_arrival_cross, layout_basic, hellmonk_ecumenical_altar_blasted
D:2:      layout_loops_ring
D:3:      layout_loops_ring, overflow_temple_1_default, serial_shops,
          shop_statue, nicolae_square_shop, nicolae_shop_crystal,
          nicolae_shop_hallway_stairs, shop, uniq_crazy_yiuf_cottage
D:4:      layout_basic, nicolae_overflow_squiral, lemuel_another_geyser,
          uniq_pikel
D:5:      layout_basic, minmay_temple_entry_wispy, minmay_misc_feat_columns,
          st_stairs_14, uniq_menkaure, uniq_duvessa
D:6:      layout_cave_pods, lemuel_crystal_altar, gammafunk_ghost_cemetery,
          serial_shops, nicolae_square_shop, uniq_grinder, uniq_blork_the_orc
D:7:      layout_basic, serial_corexii_hall, chequers_hall_statues_wall_a,
          chequers_hall_statues_wall_a, nzn_random_ring

Notes
Turn   | Place    | Note
-------+----------+-------------------------------------------
     0 | D:1      | Faeu the Minotaur Berserker began the quest for the Orb.
     0 | D:1      | Reached XP level 1. HP: 19/19 MP: 0/0
     0 | D:1      | magus.rc [v1.9.6]
    68 | D:1      | Found a faded altar of an unknown god.
   192 | D:1      | Reached skill level 4 in Fighting
   192 | D:1      | Reached skill level 4 in Axes
   192 | D:1      | Reached XP level 2. HP: 26/27 MP: 1/1
   454 | D:1      | Reached ** piety under Trog
   754 | D:1      | Reached XP level 3. HP: 34/34 MP: 2/2
  1145 | D:2      | You add the spells Ignite Poison, Mephitic Cloud and
                  | Freezing Cloud to your library.
  1632 | D:3      | Found Cuho's Weapon Shoppe.
  1643 | D:3      | Found a sparkling altar of Nemelex Xobeh.
  1822 | D:3      | Found Zuma Kile's Magic Scroll Shoppe.
  1855 | D:3      | Reached XP level 4. HP: 41/41 MP: 3/3
  1855 | D:3      | Found Qyireeh's Weapon Boutique.
  1922 | D:3      | Reached skill level 5 in Fighting
  2021 | D:3      | Found Wuesos's General Store.
  2032 | D:3      | Reached skill level 5 in Axes
  2255 | D:3      | Found a runed translucent door.
  2256 | D:3      | Noticed Crazy Yiuf
  2486 | D:3      | Found Acoew's Antique Armour Shoppe.
  2715 | D:4      | Reached *** piety under Trog
  2994 | D:4      | Found a sacrificial altar of Ru.
  2997 | D:4      | Found a white marble altar of Elyvilon.
  3009 | D:4      | Reached XP level 5. HP: 45/50 MP: 4/4
  3087 | D:4      | Noticed a lemure
  3087 | D:4      | Noticed a lemure
  3088 | D:4      | Noticed a lemure
  3089 | D:4      | Noticed Pikel
  3094 | D:4      | Noticed a lemure
  3096 | D:4      | Killed a lemure
  3098 | D:4      | Killed a lemure
  3105 | D:4      | Killed Pikel
  3106 | D:4      | Reached skill level 7 in Fighting
  3106 | D:4      | Reached skill level 7 in Axes
  3106 | D:4      | Reached XP level 6. HP: 60/60 MP: 5/5
  3106 | D:4      | Reached XP level 7. HP: 66/66 MP: 6/6
  3432 | D:4      | You pick up a book of Cantrips {forbidden} and begin
                  | reading...
  3432 | D:4      | You add the spells Animate Skeleton, Summon Small Mammal
                  | and Apportation to your library.
  4019 | D:5      | Entered Level 5 of the Dungeon
  4316 | D:5      | Reached skill level 8 in Fighting
  4316 | D:5      | Reached skill level 8 in Axes
  4397 | D:5      | Noticed Menkaure
  4413 | D:5      | Killed Menkaure
  4414 | D:5      | Reached skill level 9 in Axes
  4419 | D:5      | HP: 17/68 [poisoned by a scorpion]
  4781 | D:5      | Found a staircase to the Ecumenical Temple.
  4845 | D:5      | Noticed Duvessa
  4845 | D:5      | Noticed Dowan
  4851 | D:5      | Killed Dowan
  4852 | D:5      | Reached XP level 8. HP: 74/74 MP: 7/7
  4855 | D:5      | Killed Duvessa
  5026 | D:5      | Reached skill level 10 in Axes
  5628 | D:6      | Found Atsez's Armour Boutique.
  5701 | D:6      | You pick up a book of Dreams {forbidden} and begin
                  | reading...
  5701 | D:6      | You add the spells Ensorcelled Hibernation, Spider Form and
                  | Anguish to your library.
  5710 | D:6      | You pick up a book of Cantrips {forbidden} and begin
                  | reading...
  5728 | D:6      | Reached skill level 11 in Axes
  5760 | D:6      | You add the spells Blink, Manifold Assault and Storm Form
                  | to your library.
  5820 | D:6      | Reached skill level 12 in Axes
  5984 | D:6      | Found a runed translucent gate.
  5984 | D:6      | Found a runed translucent gate.
  5984 | D:6      | Found a runed translucent gate.
  5984 | D:6      | Noticed Cykl0x's ghost (novice GrEE)
  5985 | D:6      | Noticed Peloso's ghost (amateur MiFi)
  5985 | D:6      | Noticed Sheol's ghost (novice HOFi)
  6082 | D:6      | Reached XP level 9. HP: 81/81 MP: 8/8
  6142 | D:6      | Noticed Grinder
  6151 | D:6      | Paralysed by Grinder for 2 turns
  6162 | D:6      | Killed Grinder
  6163 | D:6      | Reached skill level 13 in Axes
  6744 | D:6      | Found an iron altar of Okawaru.
  6902 | D:6      | Noticed Blork the orc
  6909 | D:6      | Killed Blork the orc
  7092 | D:7      | Reached skill level 14 in Axes
  7281 | D:7      | Noticed a five-headed hydra
  7291 | D:7      | Killed a two-headed hydra
  7292 | D:7      | Reached skill level 15 in Axes
  7310 | D:7      | HP: 16/81 [centaur/arrow (10)]
  7315 | D:7      | HP: 20/121 [centaur (1)]
  7338 | D:7      | HP: 22/121 [something (2)]
  7343 | D:7      | HP: 9/121 [something (3)]
  7353 | D:7      | HP: 10/81 [something (3)]
  7355 | D:7      | Slain by an unseen horror

Vanquished Creatures
  A hydra (D:7)
  Pikel (D:4)
  A centaur zombie (D:6)
  Grinder (D:6)
  Menkaure (D:5)
  Duvessa (D:5)
  An ice beast (D:5)
  A sky beast (D:6)
  2 centaurs
  2 necrophages (D:6)
  2 lemures (D:4)
  A kobold brigand (D:7)
  Blork the orc (D:6)
  2 scorpions
  2 bullfrogs
  A wyvern skeleton (D:6)
  Dowan (D:5)
  A killer bee (D:7)
  6 wights (D:7)
  A howler monkey (D:4)
  2 orc priests (D:5)
  A gnoll shaman (D:5)
  A hound (D:4)
  2 jellies (D:5)
  3 centaur skeletons
  An iguana (D:4)
  An orc wizard (D:5)
  A killer bee zombie (D:6)
  A howler monkey zombie (D:5)
  6 adders
  5 gnolls (D:5)
  2 white imps
  An ufetubus (D:5)
  2 dart slugs
  8 orcs
  8 ball pythons
  6 bats
  12 endoplasms
  A giant cockroach (D:3)
  6 goblins
  3 hobgoblins
  2 jackals (D:1)
  8 kobolds
  4 quokkas
  6 frilled lizards
  5 rats
128 creatures vanquished.

Table legend:
 A = Non-vault XP
 B = Vault XP
 C = Vault XP percentage of total XP
 D = Non-vault monster count
 E = Vault monster count
 F = Vault count percentage of total count
                 A         B        C        D         E       F
            +---------+---------+-------+---------+---------+-------
      Total |    2647 |    2646 |  50.0 |     110 |      16 |  12.7
            +---------+---------+-------+---------+---------+-------
        D:1 |      42 |       0 |   0.0 |      25 |       0 |   0.0
        D:2 |      18 |       0 |   0.0 |      11 |       0 |   0.0
        D:3 |      72 |       0 |   0.0 |      23 |       0 |   0.0
        D:4 |     157 |     673 |  81.1 |       9 |       1 |  10.0
        D:5 |     607 |     399 |  39.7 |      20 |       5 |  20.0
        D:6 |    1313 |     359 |  21.5 |      10 |       2 |  16.7
        D:7 |     438 |    1215 |  73.5 |      12 |       8 |  40.0
            +---------+---------+-------+---------+---------+-------

Illustrated notes

Table legend:
 A = Kills in this place as a percentage of kills in entire the game.
 B = Kills by you in this place as a percentage of kills by you in the entire game.
 C = Kills by friends in this place as a percentage of kills by friends in the entire game.
 D = Other kills in this place as a percentage of other kills in the entire game.
 E = Experience gained in this place as a percentage of experience gained in the entire game.
 F = Experience gained in this place divided by the number of levels of this place that you have seen.
                   A       B       C       D       E      F
               +-------+-------+-------+-------+-------+----------------------
         Total | 100.0 | 100.0 |   N/A |   N/A | 100.0 | 756.1
       Dungeon | 100.0 | 100.0 |   N/A |   N/A | 100.0 | 756.1
               +-------+-------+-------+-------+-------+----------------------

Table legend: (Time is in decaauts)
 A = Elapsed time spent in this place.
 B = Non-inter-level travel time spent in this place.
 C = Inter-level travel time spent in this place.
 D = Time resting spent in this place.
 E = Time spent auto-exploring this place.
 F = Levels seen in this place.
 G = Mean time per level.
                   A        B        C        D        E       F      G
               +--------+--------+--------+--------+--------+-----+--------+
         Total |   7425 |   7202 |    223 |   1769 |   4517 |   7 | 1060.7 |
       Dungeon |   7425 |   7202 |    223 |   1769 |   4517 |   7 | 1060.7 |
               +--------+--------+--------+--------+--------+-----+--------+

Top non-repeatable levels by time:
     D:5: 1619 daAuts
     D:6: 1391 daAuts
     D:4: 1322 daAuts
     D:3: 1190 daAuts
     D:1: 823 daAuts
     D:2: 718 daAuts
     D:7: 359 daAuts
